 Dungeon Crawl Stone Soup version 0.19.4-12-gccf7e64 (webtiles) character file.

281 Jynx the Cudgeler (level 6, -9/56 HPs)
             Began as a Minotaur Fighter on Feb 27, 2017.
             Mangled by BugsBunnySan's ghost (13 damage)
             ... on level 4 of the Dungeon.
             The game lasted 00:04:32 (2538 turns).

Jynx the Cudgeler (Minotaur Fighter)                Turns: 2538, Time: 00:04:33

Health: -9/56      AC: 14    Str: 22    XL:     6   Next: 6%
Magic:  5/5        EV:  7    Int:  7    God:
Gold:   196        SH:  0    Dex: 10    Spells: 0 memorised, 5 levels left

rFire  . . .     SeeInvis .     a - +0 flail
rCold  . . .     Gourm    .     e - +0 chain mail
rNeg   . . .     Faith    +     (no shield)
rPois  .         Spirit   .     (helmet restricted)
rElec  .         Reflect  .     t - +0 cloak
rCorr  .         Harm     .     (no gloves)
MR     .....                    b - +0 pair of boots
Stlth  ..........               v - amulet of faith
                                u - +3 ring of protection
                                j - +2 ring of intelligence

@: no status effects
A: retaliatory headbutt, horns 2
a: no special abilities


You were on level 4 of the Dungeon.
You were hungry.

You visited 1 branch of the dungeon, and saw 4 of its levels.

You collected 196 gold pieces.

Inventory:

Hand Weapons
 a - a +0 flail (weapon)
Armour
 b - a +0 pair of boots (worn)
 c - a +0 shield
 e - a +0 chain mail (worn)
 t - a +0 cloak (worn)
Jewellery
 j - a +2 ring of intelligence (left hand)
 u - a +3 ring of protection (right hand)
 v - an amulet of faith (around neck)
Wands
 p - a wand of iceblast (6/15)
Scrolls
 i - a scroll of noise
 l - a scroll of remove curse
 q - a scroll of identify
 r - a scroll of blinking
 x - a scroll of enchant armour {unknown}
Potions
 d - 2 potions of might
 h - a potion of curing {unknown}
 k - a potion of ambrosia
 o - a potion of berserk rage {unknown}
Comestibles
 f - 5 bread rations
 g - 4 fruits
 m - a meat ration
 n - a beef jerky
 s - a slice of pizza
 w - 2 chunks of flesh


   Skills:
 + Level 5.6 Fighting
 * Level 6.4 Maces & Flails
 - Level 3.6 Armour
 - Level 3.6 Shields


You had 5 spell levels left.
You didn't know any spells.

Dungeon Overview and Level Annotations

Branches:
Dungeon (4/15)
 Temple: D:4-7

Altars:
Cheibriados
Trog
Vehumet
The Shining One

Annotations:
D:4 BugsBunnySan's ghost, amateur FeBe


Innate Abilities, Weirdness & Mutations

You reflexively headbutt those who attack you in melee.
You have a pair of horns on your head.


Message History

You closely miss BugsBunnySan's ghost.
BugsBunnySan's ghost hits you but does no damage.
You barely miss BugsBunnySan's ghost.
Your headbutt misses BugsBunnySan's ghost.
BugsBunnySan's ghost hits you!
* * * LOW HITPOINT WARNING * * *
You closely miss BugsBunnySan's ghost. BugsBunnySan's ghost hits you.
* * * LOW HITPOINT WARNING * * *
BugsBunnySan's ghost lets out a mournful wail.
BugsBunnySan's ghost hits you.
* * * LOW HITPOINT WARNING * * *
You are feeling hungry.
BugsBunnySan's ghost hits you but does no damage.
There is a large open door here.
BugsBunnySan's ghost keens inconsolably.
BugsBunnySan's ghost hits you!
* * * LOW HITPOINT WARNING * * *
BugsBunnySan's ghost hits you but does no damage.
BugsBunnySan's ghost hits you!
You die...

..≈# #.####.## ..≈###
#......# ≈..'.# #.#.####
≈..'.########### ##.#..###
§.≈#...........#
##.#.#.#.##
..≈#####.......#
#.........# .≈§#
#..####.####.##+##.## ≈≈##
#..####.##...#...#..# §##
#..#....W@.#.'...'.## ##
#..#.##.##...#...#..######
#
#..#.##.##.#.##+##.#.....#
#..#.##.##..........####.#
#.......##.#.#.#.#.## #.#
###.#.####.........# #.#
#.###.# ####.###### #.#
#†.#.## #.# #.# #.#.##
##+## #.#


You could see BugsBunnySan's ghost.

Vanquished Creatures
  A scorpion (D:4)
  Crazy Yiuf (D:3)
  An iguana (D:4)
  Ijyb (D:2)
  6 adders
  An ooze (D:3)
  2 worms (D:3)
  2 leopard geckos
  9 orcs
  A ball python (D:1)
  3 giant cockroaches
  A goblin (D:2)
  12 hobgoblins
  6 kobolds
  2 quokkas
  7 bats
  4 frilled lizards
  23 rats
83 creatures vanquished.

Vanquished Creatures (others)
  A draconian (D:1)
  A gargoyle (D:1)
  2 vine stalkers (D:1)
  An elf (D:1)
  A troll (D:1)
  A spriggan (D:1)
  2 vampires (D:1)
  A human (D:1)
  2 ogres (D:1)
  A centaur (D:1)
  2 orcs (D:1)
  6 tentacles (D:1)
21 creatures vanquished.

Grand Total: 104 creatures vanquished

Notes
Turn   | Place    | Note
-------+----------+-------------------------------------------
     0 | D:1      | Jynx the Minotaur Fighter began the quest for the Orb.
     0 | D:1      | Reached XP level 1. HP: 19/19 MP: 0/0
     3 | D:1      | Killed a troll
     4 | D:1      | Killed a gargoyle
     5 | D:1      | Killed an ogre
     5 | D:1      | Killed an elf
     5 | D:1      | Killed a human
     6 | D:1      | Killed an ogre
     7 | D:1      | Killed a vine stalker
     7 | D:1      | Killed a draconian
     8 | D:1      | Killed a spriggan
     9 | D:1      | Noticed a centaur
     9 | D:1      | Noticed a vampire
     9 | D:1      | Noticed a vampire
     9 | D:1      | Noticed a vine stalker
     9 | D:1      | Noticed a kraken
    11 | D:1      | Killed a vampire
    11 | D:1      | Killed a vine stalker
    12 | D:1      | Killed a vampire
    13 | D:1      | Killed a centaur
    89 | D:1      | Reached skill level 3 in Maces & Flails
   188 | D:1      | Reached XP level 2. HP: 26/27 MP: 1/1
   222 | D:1      | You fall through a shaft!
   238 | D:2      | Found a bloodstained altar of Trog.
   546 | D:1      | Reached XP level 3. HP: 12/33 MP: 2/2
   851 | D:2      | Reached skill level 4 in Maces & Flails
  1061 | D:2      | Found a snail-covered altar of Cheibriados.
  1062 | D:2      | Noticed Ijyb
  1069 | D:2      | Killed Ijyb
  1069 | D:2      | Reached XP level 4. HP: 41/41 MP: 3/3
  1334 | D:2      | Reached skill level 5 in Maces & Flails
  1360 | D:3      | Found a radiant altar of Vehumet.
  1408 | D:3      | Reached skill level 5 in Fighting
  1481 | D:3      | Reached XP level 5. HP: 44/48 MP: 4/4
  1530 | D:3      | Found a runed door.
  1534 | D:3      | Noticed Crazy Yiuf
  1538 | D:3      | Killed Crazy Yiuf
  1740 | D:3      | Found a glowing golden altar of the Shining One.
  1893 | D:4      | Noticed BugsBunnySan's ghost (amateur FeBe)
  2409 | D:4      | Reached skill level 6 in Maces & Flails
  2503 | D:4      | Reached XP level 6. HP: 52/56 MP: 5/5
  2528 | D:4      | HP: 2/56 [BugsBunnySan's ghost (12)]
  2538 | D:4      | Mangled by BugsBunnySan's ghost

Skill      XL: |  1  2  3  4  5 |
---------------+----------------+-----
Maces & Flails | 3 4 5 6 |  6.4
Fighting       | 4 5 |  5.6
Armour         | |  3.6
Shields        | |  3.6

Action                   |  1- 3 |  4- 6 || total
-------------------------+-------+-------++-------
Melee: Flail             |    92 |   122 ||   214
       Headbutt          |     9 |    11 ||    20
  Use: Scroll            |     2 |     5 ||     7
  Eat: Chunk             |     1 |     4 ||     5
Armor: Chain mail        |    75 |    68 ||   143
       Scale mail        |     1 |       ||     1
Dodge: Dodged            |    39 |    35 ||    74
